 Dungeon Crawl Stone Soup version 0.26-a0-812-g31a745ddcd (webtiles) character file.

Game seed: 11006727135985316774

1899 Lanoc the Insei (level 9, 0/67 HPs)
             Began as a Gnoll Transmuter on Nov 14, 2020.
             Was a Follower of Wu Jian.
             Slain by a wight
             ... wielding a +0 trident
              (3 damage)
             ... on level 7 of the Dungeon.
             The game lasted 00:08:42 (7532 turns).

Lanoc the Insei (Gnoll Transmuter)                  Turns: 7532, Time: 00:08:43

Health: 0/67       AC:  4    Str: 12    XL:     9   Next: 15%
Magic:  18/18      EV: 15    Int: 23    God:    Wu Jian [*.....]
Gold:   403        SH:  0    Dex: 20    Spells: 14/20 levels left

rFire    . . .     SeeInvis .     - Unarmed
rCold    + . .     Faith    .   (no shield)
rNeg     . . .     Spirit   .   a - +0 robe
rPois    .         Reflect  .   (helmet restricted)
rElec    .         Harm     .   (no cloak)
rCorr    .         Rampage  .   (no gloves)
MR       .....                  (no boots)
Stlth    ++++......             h - amulet of the acrobat
HPRegen  0.21/turn              (no ring)
MPRegen  0.16/turn              (no ring)

@: wereblooded (expiring), studying Maces & Flails, drained
A: distributed training, antennae 1, fangs 1, iridescent scales 1, thin skeletal
structure 1, agile 1, blurry vision 1, clever 2, cold resistance 1, MP-powered
wands, strong nose
a: Renounce Religion


You were on level 7 of the Dungeon.
You worshipped Wu Jian.
Wu Jian was aware of your devotion.
You visited 2 branches of the dungeon, and saw 8 of its levels.

You collected 403 gold pieces.

Inventory:

Missiles
 y - 2 atropa-tipped darts (quivered)
Armour
 a - a +0 robe (worn)
 b - a +0 kite shield
Jewellery
 h - an amulet of the acrobat (around neck)
Wands
 r - a wand of iceblast (8)
Scrolls
 c - 5 scrolls of teleportation {unknown}
 d - 10 scrolls of identify {unknown}
 f - 3 scrolls of immolation {unknown}
 i - 2 scrolls of fear {unknown}
 k - 6 scrolls of enchant armour {unknown}
 n - a scroll of enchant weapon {unknown}
 q - 5 scrolls of remove curse {unknown}
 s - a scroll of noise {unknown}
 u - 2 scrolls of magic mapping {unknown}
 v - a scroll of blinking {unknown}
 w - a scroll of amnesia {unknown}
 z - a scroll of summoning {unknown}
Potions
 e - a potion of lignification {unknown}
 g - 2 potions of brilliance {unknown}
 j - 2 potions of curing {unknown}
 l - 2 potions of berserk rage {unknown}
 m - a potion of magic {unknown}
 o - a potion of mutation {unknown}
 p - 3 potions of attraction {unknown}
 t - a potion of might {unknown}
 A - a potion of haste {unknown}
 B - 2 potions of heal wounds {unknown}
 C - 2 potions of invisibility {unknown}
Books
 x - a manual of Maces & Flails


   Skills:
 + Level 4.8(3.6) Fighting
 + Level 4.0(2.8) Short Blades
 + Level 4.0(2.8) Long Blades
 + Level 4.0(2.8) Axes
 + Level 4.4(3.2) Maces & Flails
 + Level 4.0(2.8) Polearms
 + Level 4.0(2.8) Staves
 + Level 4.0(2.8) Slings
 + Level 4.0(2.8) Bows
 + Level 4.0(2.8) Crossbows
 + Level 4.0(2.8) Throwing
 + Level 4.0(2.8) Armour
 + Level 6.1(4.9) Dodging
 + Level 4.0(2.8) Stealth
 + Level 4.0(2.8) Shields
 + Level 7.7(6.5) Unarmed Combat
 + Level 6.4(5.2) Spellcasting
 + Level 3.2(2.1) Conjurations
 + Level 3.2(2.1) Hexes
 + Level 3.2(2.1) Summonings
 + Level 3.2(2.1) Necromancy
 + Level 3.2(2.1) Translocations
 + Level 5.1(3.9) Transmutations
 + Level 3.2(2.1) Fire Magic
 + Level 3.2(2.1) Ice Magic
 + Level 3.2(2.1) Air Magic
 + Level 3.2(2.1) Earth Magic
 + Level 3.2(2.1) Poison Magic
   Level 4.3(3.2) Invocations
 + Level 4.0(2.8) Evocations


You had 14 spell levels left.
You knew the following spells:

 Your Spells              Type           Power        Failure   Level
a - Beastly Appendage     Tmut           ###...       1%          1
b - Wereblood             Tmut           ###.....     2%          2
c - Spider Form           Tmut/Pois      ###.......   8%          3

Your spell library contained the following spells:

 Spells                   Type           Power        Failure   Level
 Ice Form                 Ice/Tmut       ###.....     26%         4
 Blade Hands              Tmut           ###.......   45%         5


Dungeon Overview and Level Annotations

Branches:
Dungeon (7/15)             Temple (1/1) D:6

Altars:
Ashenzari
Fedhas
Gozag
Hepliaklqana
Okawaru
Trog
Uskayaw
Vehumet
Wu Jian
Xom


Innate Abilities, Weirdness & Mutations

Your experience applies equally to all skills.
You have very sharp teeth.
Your uncanny sense of smell can sniff out nearby items.
You have a pair of small antennae on your head.
You are partially covered in iridescent scales. (AC +2)
You have a somewhat thin skeletal structure. (Dex +2, Stealth)
You are agile. (Dex +2)
Scrolls take you a little longer to read.
Your mind is very acute. (Int +4)
Your flesh is cold resistant. (rC+)
You expend magic power (3 MP) to strengthen your wands.


Message History

Your base Slings skill increases to level 4!
Your base Bows skill increases to level 4!
Your base Crossbows skill increases to level 4!
Your base Throwing skill increases to level 4!
Your base Armour skill increases to level 4!
Your base Stealth skill increases to level 4!
Your base Shields skill increases to level 4!
Your base Evocations skill increases to level 4!
Your primal bloodlust is almost over.
The wight barely misses you.
You lunge at the wight.
You punch the wight!
The wight is severely damaged.
Things that are here:
a cursed +0 falchion; a +0 robe You hit the wight.
The wight is almost destroyed.
The wight hits you with a +0 trident!
* * * LOW HITPOINT WARNING * * *
You feel drained.
You die...

### #.. #########.#
#......##.###### #.###...#.#....#
# ###########.# #...#.#....# .#
..........#.###...).#....####.###
................@z.))............
#.......#.#.......###)..........#
#....<#.#.#.#...#.# #...........+
#.......#.#.#.#.#.# #....)......#
+.......#.#.....#.#.†.##........#
#.#######.###+###.#...##........#
### #.# #.#...##........# .#
#.#... #.+...+.........# .## ...
####...###########


You could see a wight.

Vanquished Creatures
  2 sky beasts
  An orc warrior (D:6)
  An ogre (D:4)
  2 centaurs
  3 bullfrogs
  3 scorpions
  4 wights (D:7)
  A centaur zombie (D:5)
  3 hounds
  2 jellies (D:3)
  A bullfrog skeleton (D:4)
  3 bullfrog zombies
  Natasha (thrice) (D:4)
  3 orc wizards
  2 worker ants (D:7)
  2 hound zombies
  Robin (D:2)
  8 adders
  3 gnolls (D:7)
  2 shadow imps
  A white imp (D:6)
  An ufetubus (D:5)
  An adder zombie (D:5)
  An adder skeleton (D:6)
  3 worms (D:2)
  A dart slug (D:2)
  6 leopard geckos
  19 orcs
  2 ball pythons
  6 bats
  4 giant cockroaches
  10 goblins
  11 hobgoblins
  3 iguanas
  11 jackals
  4 quokkas
  5 frilled lizards
  A giant cockroach zombie (D:6)
  A jackal skeleton (D:4)
  8 kobolds
  A leopard gecko zombie (D:6)
  2 quokka skeletons
  6 rats
  A butterfly (D:6)
159 creatures vanquished.

Notes
Turn   | Place    | Note
-------+----------+-------------------------------------------
     0 | D:1      | Lanoc the Gnoll Transmuter began the quest for the Orb.
     0 | D:1      | Reached XP level 1. HP: 17/17 MP: 6/6
   192 | D:1      | Reached XP level 2. HP: 23/23 MP: 5/7
   329 | D:1      | Learned a level 2 spell: Wereblood
   792 | D:2      | Reached XP level 3. HP: 28/28 MP: 9/9
   835 | D:2      | Reached skill level 5 in Spellcasting
   925 | D:2      | Noticed a sky beast
   936 | D:2      | Killed a sky beast
   936 | D:2      | Reached skill level 1 in Short Blades
   936 | D:2      | Reached skill level 1 in Long Blades
   936 | D:2      | Reached skill level 1 in Axes
   936 | D:2      | Reached skill level 1 in Maces & Flails
   936 | D:2      | Reached skill level 1 in Polearms
   936 | D:2      | Reached skill level 1 in Staves
   936 | D:2      | Reached skill level 1 in Slings
   936 | D:2      | Reached skill level 1 in Bows
   936 | D:2      | Reached skill level 1 in Crossbows
   936 | D:2      | Reached skill level 1 in Throwing
   936 | D:2      | Reached skill level 1 in Armour
   936 | D:2      | Reached skill level 1 in Stealth
   936 | D:2      | Reached skill level 1 in Shields
   936 | D:2      | Reached skill level 1 in Conjurations
   936 | D:2      | Reached skill level 1 in Hexes
   936 | D:2      | Reached skill level 1 in Summonings
   936 | D:2      | Reached skill level 1 in Necromancy
   936 | D:2      | Reached skill level 1 in Translocations
   936 | D:2      | Reached skill level 1 in Fire Magic
   936 | D:2      | Reached skill level 1 in Ice Magic
   936 | D:2      | Reached skill level 1 in Air Magic
   936 | D:2      | Reached skill level 1 in Earth Magic
   936 | D:2      | Reached skill level 1 in Poison Magic
   936 | D:2      | Reached skill level 1 in Invocations
   936 | D:2      | Reached skill level 1 in Evocations
   936 | D:2      | Reached XP level 4. HP: 4/34 MP: 7/11
   936 | D:2      | Reached XP level 5. HP: 4/40 MP: 7/12
  1302 | D:2      | Noticed Robin
  1310 | D:2      | Killed Robin
  2172 | D:3      | Found a shimmering altar of Xom.
  2185 | D:3      | Reached XP level 6. HP: 25/47 MP: 9/13
  2565 | D:3      | Found a faded altar of an unknown god.
  2573 | D:3      | Became a worshipper of Xom of Chaos
  2613 | D:3      | XOM: silly message
  2713 | D:3      | XOM: silly message
  2906 | D:3      | XOM: cloud trail
  3022 | D:3      | Reached skill level 5 in Dodging
  3029 | D:3      | XOM: noise
  3087 | D:4      | Noticed Natasha
  3098 | D:4      | Killed Natasha
  3410 | D:4      | You fall into a shaft and drop 3 floors!
  3523 | D:7      | XOM: silly message
  3576 | D:7      | XOM: 1-stop teleportation journey
  3580 | D:7      | XOM: swap monsters
  3581 | D:7      | Reached skill level 7 in Unarmed Combat
  3581 | D:7      | Reached XP level 7. HP: 36/52 MP: 11/15
  3586 | D:7      | XOM: swap monsters
  3656 | D:7      | XOM: give mutations
  3656 | D:7      | Gained mutation: You are partially covered in iridescent
                  | scales. (AC +2) [Xom's grace]
  3656 | D:7      | Gained mutation: You have a pair of small antennae on your
                  | head. [Xom's grace]
  3656 | D:7      | Gained mutation: Your mind is acute. (Int +2) [Xom's grace]
  3656 | D:7      | Gained mutation: Your spells are a little harder to cast,
                  | but a little more powerful. [Xom's grace]
  3728 | D:7      | XOM: give mutations
  3728 | D:7      | Gained mutation: You have a somewhat thin skeletal
                  | structure. (Dex +2, Stealth) [Xom's grace]
  3728 | D:7      | Gained mutation: You expend magic power (3 MP) to
                  | strengthen your wands. [Xom's grace]
  3728 | D:7      | Gained mutation: Your mind is very acute. (Int +4) [Xom's
                  | grace]
  3876 | D:6      | XOM: stealth player
  3887 | D:6      | XOM: enchant monster (good)
  3901 | D:6      | Found a staircase to the Ecumenical Temple.
  3917 | Temple   | Entered the Ecumenical Temple
  3923 | Temple   | Fell from the grace of Xom
  3923 | Temple   | Became a worshipper of the Wu Jian Council
  4109 | D:5      | Entered Level 5 of the Dungeon
  4307 | D:4      | Noticed Natasha
  4313 | D:4      | Killed Natasha
  4371 | D:4      | Learned a level 3 spell: Spider Form
  4469 | D:4      | Reached XP level 8. HP: 60/60 MP: 12/16
  4532 | D:4      | Noticed Natasha
  4562 | D:4      | Killed Natasha
  5678 | D:5      | XOM: summons 3 hostile shadow creatures
  6167 | D:6      | Reached * piety under Wu Jian
  6587 | D:6      | Found an iron altar of Okawaru.
  6602 | D:6      | XOM: give mutations
  6602 | D:6      | Gained mutation: Your flesh is cold resistant. (rC+) [Xom's
                  | grace]
  6602 | D:6      | Gained mutation: You are partially covered in thin metallic
                  | scales. (AC +2) [Xom's grace]
  6602 | D:6      | Gained mutation: You are agile. (Dex +2) [Xom's grace]
  6716 | D:6      | Found a hazy altar of Hepliaklqana.
  6716 | D:6      | Found an opulent altar of Gozag.
  6735 | D:6      | XOM: give mutations
  6735 | D:6      | Gained mutation: Scrolls take you a little longer to read.
                  | [Xom's mischief]
  6735 | D:6      | Lost mutation: Your spells are a little harder to cast, but
                  | a little more powerful. [Xom's mischief]
  6735 | D:6      | Lost mutation: You are partially covered in thin metallic
                  | scales. (AC +2) [Xom's mischief]
  6918 | D:7      | XOM: 1-stop teleportation journey
  6997 | D:7      | Found a broken altar of Ashenzari.
  7174 | D:7      | Reached XP level 9. HP: 58/66 MP: 15/18
  7229 | D:7      | Reached skill level 5 in Transmutations
  7268 | D:7      | XOM: torment (30/66 hp)
  7329 | D:7      | XOM: summons 2 hostile shadow creatures
  7532 | D:7      | HP: 3/67 [wight/+0 trident (9)]
  7532 | D:7      | Slain by a wight

Illustrated notes

Levels and vault maps discovered:
D:1:      tarquinn_simple_flora_water_b, layout_rooms, serial_corexii_hall,
          corexii_hall_statues_u, corexii_hall_statues_s, hex_tiny,
          minmay_distorted
D:2:      layout_basic, minmay_tiny_reverse_x, uniq_robin
D:3:      layout_basic, chequers_ecumenical_altar_simple, dk_xom_monty_hall
D:4:      layout_loops_ring, uniq_natasha
D:5:      layout_gridville
D:6:      layout_cave_pools, okawaru_metal_pillars_1_2,
          gammafunk_temple_overflow_elements, minmay_temple_entry_butterflies,
          minmay_manual_maat
D:7:      minmay_opposing_rooms, layout_basic, evilmike_ruin_ashenzari,
          yredelemnul_forgotten_temple_becter
Temple:   eino_temple_rhombus

Skill      XL: |  1  2  3  4  5  6  7  8  9 |
---------------+----------------------------+-----
Spellcasting   | 5 6 |  6.4
Short Blades   | 1 2 3 4 |  4.0
Long Blades    | 1 2 3 4 |  4.0
Axes           | 1 2 3 4 |  4.0
Maces & Flails | 1 2 4 |  4.4
Polearms       | 1 2 3 4 |  4.0
Staves         | 1 2 3 4 |  4.0
Slings         | 1 2 3 4 |  4.0
Bows           | 1 2 3 4 |  4.0
Crossbows      | 1 2 3 4 |  4.0
Throwing       | 1 2 3 4 |  4.0
Armour         | 1 2 3 4 |  4.0
Stealth        | 1 2 3 4 |  4.0
Shields        | 1 2 3 4 |  4.0
Conjurations   | 1 2 3 |  3.2
Hexes          | 1 2 3 |  3.2
Summonings     | 1 2 3 |  3.2
Necromancy     | 1 2 3 |  3.2
Translocations | 1 2 3 |  3.2
Fire Magic     | 1 2 3 |  3.2
Ice Magic      | 1 2 3 |  3.2
Air Magic      | 1 2 3 |  3.2
Earth Magic    | 1 2 3 |  3.2
Poison Magic   | 1 2 3 |  3.2
Invocations    | 1 2 3 4 |  4.3
Evocations     | 1 2 3 4 |  4.0
Fighting       | 3 4 |  4.8
Transmutations | 4 5 |  5.1
Dodging        | 5 6 |  6.1
Unarmed Combat | 7 |  7.7

Action                   |  1- 3 |  4- 6 |  7- 9 || total
-------------------------+-------+-------+-------++-------
Melee: Unarmed           |    51 |   126 |   295 ||   472
       Bite              |     6 |    11 |    33 ||    50
       Kick              |     8 |    22 |    68 ||    98
       Headbutt          |     2 |    17 |     2 ||    21
       Punch             |       |     5 |     9 ||    14
 Cast: Beastly Appendage |    14 |    17 |    28 ||    59
       Wereblood         |     5 |    15 |    26 ||    46
       Spider Form       |       |       |     3 ||     3
Invok: Lunge             |       |       |    21 ||    21
       Whirlwind         |       |       |    34 ||    34
 Stab: Sleeping          |     2 |     3 |     6 ||    11
       Confused          |       |       |     1 ||     1
Armor: Robe              |     4 |    12 |    42 ||    58
Dodge: Dodged            |    30 |    90 |   245 ||   365

Table legend: (Time is in decaauts)
 A = Elapsed time spent in this place.
 B = Non-inter-level travel time spent in this place.
 C = Inter-level travel time spent in this place.
 D = Time resting spent in this place.
 E = Time spent auto-exploring this place.
 F = Levels seen in this place.
 G = Mean time per level.
                   A        B        C        D        E       F      G
               +--------+--------+--------+--------+--------+-----+--------+
         Total |   7497 |   7375 |    122 |     19 |   6368 |   8 |  937.1 |
       Dungeon |   7481 |   7359 |    122 |     15 |   6368 |   7 | 1068.7 |
        Temple |     16 |     16 |      0 |      4 |      0 |   1 |   16.0 |
               +--------+--------+--------+--------+--------+-----+--------+

Top non-repeatable levels by time:
     D:2: 1293 daAuts
     D:7: 1244 daAuts
     D:4: 1157 daAuts
     D:3: 1121 daAuts
     D:5: 1093 daAuts
     D:6: 947 daAuts
     D:1: 622 daAuts
  Temple: 16 daAuts
